 Dungeon Crawl Stone Soup version 0.23.2-1-ga50397a (webtiles) character file.

Game seed: 14646679357913545518

8972 Borgoz the Carver (level 11, -1/97 HPs)
             Began as a Minotaur Monk on May 25, 2019.
             Was a High Priest of Okawaru.
             Slain by a two-headed ogre
             ... wielding a +0 giant club
              (20 damage)
             ... on level 10 of the Dungeon.
             The game lasted 00:19:20 (9839 turns).

Borgoz the Carver (Minotaur Monk)                   Turns: 9839, Time: 00:19:20

Health: -1/97      AC:  7    Str: 19    XL:     11   Next: 16%
Magic:  10/12      EV: 23    Int:  7    God:    Okawaru [*****.]
Gold:   689        SH:  0    Dex: 15    Spells: 10/10 levels left

rFire    . . .     SeeInvis .   a - +4 scimitar (flame)
rCold    . . .     Gourm    .   (no shield)
rNeg     . . .     Faith    .   D - +1 animal skin of the Arcane {Regen+ Dex+2}
rPois    +         Spirit   .   (helmet restricted)
rElec    .         Reflect  .   i - scarf {repulsion}
rCorr    +         Harm     .   p - +1 pair of gloves
MR       .....                  (no boots)
Stlth    +++.......             (no amulet)
HPRegen  0.66/turn              y - ring of poison resistance
MPRegen  0.13/turn              B - ring of resist corrosion

@: heroism, repel missiles
A: retaliatory headbutt, horns 2
a: Heroism, Finesse, Renounce Religion


You were on level 10 of the Dungeon.
You worshipped Okawaru.
Okawaru was extremely pleased with you.
You were not hungry.

You visited 2 branches of the dungeon, and saw 11 of its levels.
You also visited: Sewer.

You collected 689 gold pieces.

Inventory:

Hand Weapons
 a - a +4 scimitar of flaming (weapon)
 b - a +2 falchion of holy wrath
Missiles
 k - 3 throwing nets (quivered)
Armour
 i - a scarf of repulsion (worn)
 p - a +1 pair of gloves (worn)
 x - a +0 chain mail of cold resistance
 D - the +1 animal skin of the Arcane (worn) {Regen+ Dex+2}
   (Okawaru gifted it to you on level 10 of the Dungeon)

   It affects your dexterity (+2).
   It increases your rate of regeneration.
Jewellery
 d - an uncursed ring of fire
 y - a ring of poison resistance (left hand)
 B - a ring of resist corrosion (right hand)
Wands
 t - a wand of disintegration (14)
 E - a wand of acid (5)
 F - a wand of random effects (9)
Scrolls
 e - 6 scrolls of remove curse
 l - 5 scrolls of immolation
 n - 2 scrolls of enchant weapon {unknown}
 q - 5 scrolls of fear
 u - 3 scrolls of teleportation
 w - a scroll of fog {unknown}
 A - a scroll of blinking
 C - 2 scrolls of magic mapping
 G - a scroll of identify
Potions
 f - 2 potions of agility
 g - a potion of mutation
 h - 2 potions of flight
 m - 2 potions of heal wounds
 o - 2 potions of might
 r - 2 potions of magic
 s - 2 potions of haste
 v - a potion of curing
 z - a potion of brilliance {unknown}
Comestibles
 c - 24 rations
 j - 9 chunks of flesh


   Skills:
 + Level 9.4(14.4) Fighting
 * Level 11.0(16.0) Long Blades
 * Level 10.2(15.2) Armour
 * Level 10.1(15.1) Dodging
 - Level 1.5(6.5) Stealth
 + Level 3.2 Invocations
 + Level 3.0 Evocations


You had 10 spell levels left.
You didn't know any spells.
Your spell library contained the following spells:

 Spells                   Type           Power        Failure   Level  Hunger
 Animate Skeleton         Necr           N/A          43%         1    ##.....
 Apportation              Tloc           #.....       43%         1    ##.....
 Confusing Touch          Hex            #.....       43%         1    ##.....
 Magic Dart               Conj           #...         43%         1    ##.....
 Summon Small Mammal      Summ           #...         43%         1    ##.....
 Blink                    Tloc           N/A          56%         2    ###....
 Call Imp                 Summ           #.......     56%         2    ###....
 Slow                     Hex            #.......     56%         2    ###....
 Conjure Flame            Conj/Fire      #.......     80%         3    ####...
 Mephitic Cloud           Conj/Pois/Air  #.......     80%         3    ####...


Dungeon Overview and Level Annotations

Branches:
Dungeon (10/15)            Temple (1/1) D:6            Lair (0/6) D:10
    Orc: D:9-12

Altars:
Ashenzari
Cheibriados
Dithmenos
Elyvilon
Fedhas
Gozag
Hepliaklqana
Kikubaaqudgha
Makhleb
Nemelex Xobeh
Okawaru
Qazlal
Ru
Sif Muna
Trog
Uskayaw
Vehumet
Wu Jian
Xom
Yredelemnul
Zin
The Shining One

Shops:
D:4 %

Annotations:
D:6 3 runed translucent doors, goulibeur's ghost, novice DrBe


Innate Abilities, Weirdness & Mutations

You reflexively headbutt those who attack you in melee.
You have a pair of horns on your head.


Message History

A two-headed ogre is nearby!
The two-headed ogre shouts in stereo!
You slash the two-headed ogre! You burn the two-headed ogre.
You headbutt the two-headed ogre, but do no damage.
The two-headed ogre is moderately wounded.
The two-headed ogre hits you with a +0 giant club!!
The two-headed ogre hits you with a +0 giant spiked club!!
You are too injured to fight recklessly!
You are too injured to fight recklessly!
You are too injured to fight recklessly!
You gain the combat prowess of a mighty hero.
The two-headed ogre hits you with a +0 giant club!!
* * * LOW HITPOINT WARNING * * *
The two-headed ogre misses you.
You barely miss the two-headed ogre.
The two-headed ogre is moderately wounded.
You barely miss the two-headed ogre. You headbutt the two-headed ogre.
The two-headed ogre is moderately wounded.
The two-headed ogre hits you with a +0 giant club!!
You die...

....... #.#
#.....#...### ....###
#.# #..####...#.. .... .
#.#####..#......#.. ....
.. #........#......#..
.... ...
#........#......#.. ....
#........#......#..
.....##########..))).#..
#..............).)..'..
#....O@.............#+#
#......................
#......................
#......................
.........######.........
.........# #.........
########## #.........
#......... ##########


You could see a two-headed ogre.

Vanquished Creatures
  Erica (D:9)
  A two-headed ogre (D:9)
  Maurice (D:9)
  Joseph (D:8)
  A centaur zombie (D:10)
  3 hippogriffs
  Prince Ribbit (D:5)
  A wraith (D:10)
  A wyvern (D:7)
  A human (D:9)
  A steam dragon (D:10)
  Edmund (D:5)
  2 ice beasts
  3 orc warriors
  A porcupine (D:10)
  5 black bears
  4 sky beasts
  A necrophage (D:7)
  4 phantoms
  5 ogres
  4 centaurs
  A crocodile (D:10)
  A big kobold (Sewer)
  8 bullfrogs
  A water moccasin zombie (D:5)
  3 scorpions
  A howler monkey (D:5)
  5 crimson imps
  A bullfrog zombie (D:5)
  5 jellies
  A quasit (D:6)
  6 hounds
  12 orc wizards
  3 bullfrog skeletons
  2 orc priests
  A gnoll shaman (D:10)
  5 iguanas
  12 worker ants
  A killer bee zombie (D:10)
  3 hound skeletons
  A worker ant zombie (D:5)
  11 gnolls
  A howler monkey skeleton (D:8)
  9 adders
  2 river rats (Sewer)
  3 shadow imps (D:5)
  2 worms
  4 leopard geckos
  35 orcs
  4 bats
  8 giant cockroaches
  11 goblins
  8 hobgoblins
  6 jackals
  9 kobolds
  5 quokkas
  2 ball pythons (D:5)
  7 frilled lizards
  13 rats
  A bush (D:2)
  A plant (D:2)
258 creatures vanquished.

Vanquished Creatures (collateral kills)
  A jackal zombie (D:6)
1 creature vanquished.

Vanquished Creatures (others)
  An orc wizard (D:7)
1 creature vanquished.

Grand Total: 260 creatures vanquished

Notes
Turn   | Place    | Note
-------+----------+-------------------------------------------
     0 | D:1      | Borgoz the Minotaur Monk began the quest for the Orb.
     0 | D:1      | Reached XP level 1. HP: 19/19 MP: 0/0
   196 | D:1      | Reached XP level 2. HP: 26/27 MP: 1/1
   238 | D:1      | Reached skill level 1 in Armour
   403 | D:1      | Reached skill level 4 in Long Blades
   598 | D:2      | Reached XP level 3. HP: 31/33 MP: 2/2
   853 | D:3      | Reached XP level 4. HP: 41/41 MP: 3/3
   870 | D:3      | Found an ornate altar of the Wu Jian Council.
  1496 | D:2      | Found a burning altar of Makhleb.
  1496 | D:2      | Noticed a blizzard demon
  1766 | D:3      | Reached XP level 5. HP: 43/47 MP: 4/4
  1806 | D:3      | Reached skill level 5 in Fighting
  1806 | D:3      | Reached skill level 5 in Long Blades
  2161 | D:3      | Reached XP level 6. HP: 56/56 MP: 5/5
  2423 | D:4      | Found a glowing drain.
  2464 | Sewer    | Entered a sewer
  2563 | Sewer    | Reached skill level 5 in Dodging
  2593 | Sewer    | Found a white marble altar of Elyvilon.
  2789 | D:4      | Found a glowing golden altar of the Shining One.
  2835 | D:4      | Reached XP level 7. HP: 58/62 MP: 6/6
  2913 | D:4      | Reached skill level 6 in Long Blades
  3096 | D:4      | Found Hoimomy's Food Shop.
  3319 | D:5      | Entered Level 5 of the Dungeon
  3711 | D:5      | Reached skill level 5 in Armour
  3722 | D:5      | Noticed Edmund
  3742 | D:5      | Killed Edmund
  3742 | D:5      | Reached XP level 8. HP: 30/71 MP: 7/7
  3757 | D:5      | Noticed Prince Ribbit
  3762 | D:5      | HP: 2/71 [Prince Ribbit (14)]
  3765 | D:5      | Killed Prince Ribbit
  3765 | D:5      | Reached skill level 7 in Long Blades
  4560 | D:6      | Found a runed translucent gate.
  4561 | D:6      | Found a runed translucent gate.
  4562 | D:6      | Found a runed translucent gate.
  4571 | D:6      | Found a staircase to the Ecumenical Temple.
  4714 | D:6      | Noticed goulibeur's ghost (novice DrBe)
  4804 | D:6      | Found a glowing silver altar of Zin.
  4804 | D:6      | Noticed an angel
  5050 | Temple   | Entered the Ecumenical Temple
  5077 | Temple   | Became a worshipper of Warmaster Okawaru
  5077 | Temple   | Reached * piety under Okawaru
  5077 | Temple   | Reached ** piety under Okawaru
  5224 | D:6      | Reached XP level 9. HP: 78/80 MP: 8/8
  5332 | D:7      | Reached skill level 8 in Long Blades
  5884 | D:7      | Found a glowing golden altar of the Shining One.
  5924 | D:7      | Reached skill level 9 in Long Blades
  5991 | D:7      | Reached *** piety under Okawaru
  5995 | D:7      | Found a shattered altar of Ashenzari.
  7000 | D:8      | Reached skill level 1 in Invocations
  7039 | D:8      | Reached XP level 10. HP: 51/90 MP: 9/9
  7042 | D:8      | Reached skill level 1 in Evocations
  7119 | D:8      | Noticed Joseph
  7134 | D:8      | Killed Joseph
  7134 | D:8      | Received a gift from Okawaru
  7848 | D:9      | Reached skill level 10 in Long Blades
  8403 | D:9      | Noticed Maurice
  8538 | D:9      | Noticed Erica
  8565 | D:9      | Killed Erica
  8565 | D:9      | Reached **** piety under Okawaru
  8789 | D:9      | Killed Maurice
  8844 | D:9      | Noticed a two-headed ogre
  8854 | D:9      | Killed a two-headed ogre
  8854 | D:9      | Reached ***** piety under Okawaru
  9163 | D:9      | Reached skill level 10 in Armour
  9261 | D:10     | Entered Level 10 of the Dungeon
  9309 | D:10     | Reached XP level 11. HP: 97/97 MP: 12/12
  9408 | D:10     | Reached skill level 10 in Dodging
  9425 | D:10     | Received a gift from Okawaru
  9441 | D:10     | Got a twisted animal skin {god gift}
  9452 | D:10     | Identified the +1 animal skin of the Arcane {Regen+ Dex+2}
                  | (Okawaru gifted it to you on level 10 of the Dungeon)
  9555 | D:10     | Found a staircase to the Lair.
  9764 | D:10     | Reached skill level 11 in Long Blades
  9832 | D:10     | Noticed a two-headed ogre
  9839 | D:10     | Slain by a two-headed ogre

Skill      XL: |  1  2  3  4  5  6  7  8  9 10 11 |
---------------+----------------------------------+-----
Armour         | 1 2 3 4 5 6 8 10 | 10.2
Fighting       | 4 5 6 7 8 9 |  9.4
Long Blades    | 4 5 6 7 9 10 11 | 11.0
Dodging        | 4 5 6 7 8 9 10 | 10.1
Invocations    | 1 3 |  3.2
Evocations     | 2 3 |  3.0
Stealth        | |  1.5

Action                   |  1- 3 |  4- 6 |  7- 9 | 10-12 || total
-------------------------+-------+-------+-------+-------++-------
Melee: Falchion          |    68 |   278 |   404 |   168 ||   918
       Headbutt          |     6 |    61 |   106 |    53 ||   226
       Scimitar          |       |       |       |    88 ||    88
       Unarmed           |       |       |       |    11 ||    11
       Punch             |       |       |       |     1 ||     1
Invok: Heroism           |       |       |     2 |     4 ||     6
Evoke: Wand              |       |       |     1 |       ||     1
  Use: Scroll            |     3 |     2 |    11 |     3 ||    19
       Potion            |       |     2 |     8 |     2 ||    12
 Stab: Sleeping          |     1 |       |       |     1 ||     2
  Eat: Chunk             |       |     6 |    14 |    10 ||    30
Armor: Robe              |     8 |       |       |       ||     8
       Ring mail         |     9 |    14 |       |       ||    23
       Chain mail        |       |    85 |   294 |    76 ||   455
       Skin              |       |       |       |     1 ||     1
       Animal skin       |       |       |       |     5 ||     5
Dodge: Dodged            |    49 |    77 |   238 |   120 ||   484
       Deflected         |       |       |     9 |     5 ||    14
       Rpst.: Falchion   |    13 |    24 |    56 |    20 ||   113
       Scimitar          |       |       |       |    13 ||    13
